 Dungeon Crawl Stone Soup version 0.19-a0-1511-g16f215b (webtiles) character file.

13430 shnurlf the Severer (level 12, -5/110 HPs)
             Began as a Hill Orc Monk on Sept 11, 2016.
             Was an Elder of the Shining One.
             Slain by a cyclops (29 damage)
             ... on level 11 of the Dungeon.
             The game lasted 00:58:51 (19566 turns).

shnurlf the Severer (Hill Orc Monk)                Turns: 19566, Time: 00:58:52

Health: -5/110     AC: 11    Str: 18    XL:     12   Next: 5%
Magic:  20/20      EV: 12    Int: 10    God:    the Shining One [****..]
Gold:   56         SH:  0    Dex: 14    Spells: 0 memorised, 11 levels left

rFire  . . .     SeeInvis .     P - +0 battleaxe
rCold  + . .     Gourm    .     u - +3 leather armour {MR+}
rNeg   + + .     Faith    +     (shield currently unavailable)
rPois  .         Spirit   .     y - +1 hat
rElec  .         Dismiss  .     R - +1 cloak
rCorr  .         Reflect  .     l - +1 pair of gloves {archery}
MR     +....     Harm     .     (no boots)
Stlth  +.........               j - amulet of faith
                                C - ring of protection from cold
                                z - ring of stealth

@: glowing
A: antennae 1
a: Divine Shield, Cleansing Flame, Renounce Religion


You were on level 11 of the Dungeon.
You worshipped the Shining One.
The Shining One was greatly pleased with you.
You were not hungry.

You visited 2 branches of the dungeon, and saw 13 of its levels.

You collected 569 gold pieces.
You spent 513 gold pieces at shops.

Inventory:

Hand Weapons
 P - a +0 battleaxe (weapon)
 T - a +2 dire flail
Armour
 l - a +1 pair of gloves of archery (worn)
 q - a +0 scale mail
 u - a +3 leather armour of magic resistance (worn)
 y - a +1 hat (worn)
 K - a +0 chain mail
 O - a +0 plate armour
 R - a +1 cloak (worn)
Jewellery
 j - an amulet of faith (around neck)
 z - a ring of stealth (left hand)
 C - a ring of protection from cold (right hand)
 F - the ring of Shadows {Umbra +Inv Stlth+}
   (You found it on level 7 of the Dungeon)

   [ring of stealth]

   It lets you turn invisible.
   It makes you more stealthy.
 J - an uncursed amulet of dismissal
Wands
 f - a wand of digging (24/24)
 x - a wand of polymorph (10/24)
 B - a wand of flame (14/48)
 G - a wand of heal wounds (5/9)
 I - a wand of flame (33/48)
 L - a wand of digging (3/24)
 V - a wand of iceblast (6/15)
Scrolls
 h - 4 scrolls of identify
 r - 2 scrolls of fear
 s - 5 scrolls of teleportation
 A - 4 scrolls of recharging
 E - 2 scrolls of enchant weapon
 H - 2 scrolls of immolation
 M - a scroll of amnesia
 N - a scroll of fog
Potions
 a - 2 potions of resistance
 b - a potion of magic {unknown}
 e - 7 potions of curing
 g - a potion of haste {unknown}
 m - a potion of cancellation {unknown}
 n - 4 potions of flight
 o - 2 potions of lignification {unknown}
 p - a potion of brilliance {unknown}
 v - a potion of mutation {unknown}
 w - a potion of agility
 D - 3 potions of heal wounds
 S - 2 potions of ambrosia {unknown}
Books
 k - a book of the Earth

   Spells                             Type                      Level
   a - Leda's Liquefaction            Hexes/Earth                  4
   b - Bolt of Magma                  Conjuration/Fire/Earth       5
   c - Statue Form                    Transmutation/Earth          6
   d - Iron Shot                      Conjuration/Earth            6
   e - Shatter                        Earth                        9
Comestibles
 c - 7 bread rations
 d - 3 beef jerkies
 t - a meat ration
 Q - 4 fruits
 U - a slice of pizza


   Skills:
 + Level 11.4 Fighting
 * Level 16.9 Axes
 - Level 4.0 Armour
 - Level 2.4 Dodging
 - Level 1.5 Stealth
 + Level 11.3 Invocations


You had 11 spell levels left.
You didn't know any spells.

Dungeon Overview and Level Annotations

Branches:
Dungeon (12/15)            Temple (1/1) D:4            Lair (0/6) D:10
    Orc (0/2) D:10

Altars:
Ashenzari
Cheibriados
Dithmenos
Elyvilon
Fedhas
Gozag
Hepliaklqana
Qazlal
Ru
Trog
Uskayaw
Vehumet
Xom
Yredelemnul
Zin
The Shining One

Shops:
D:9 *=?([

Annotations:
D:3 Tux's ghost, amateur DsGl
D:4 exclusion: downstairs, Pikel; Sigmund
D:5 Tux's ghost, novice DsGl
D:8 exclusion: downstairs


Innate Abilities, Weirdness & Mutations

You have a pair of small antennae on your head.


Message History

The cyclops is heavily wounded.
You slash the cyclops!
The cyclops is heavily wounded.
The cyclops hits you but does no damage.
You slash the cyclops!
The cyclops is severely wounded.
The cyclops hits you!
You hit the cyclops.
The cyclops is severely wounded.
You hit the cyclops but do no damage.
The cyclops is severely wounded.
The cyclops hits you!!
* * * LOW HITPOINT WARNING * * *
You are too injured to fight recklessly!
You hit the cyclops.
The cyclops is almost dead.
You hit the cyclops but do no damage.
The cyclops is almost dead.
The cyclops hits you!!
You die...

#........## #........#
#####'#### #.# #' #.# .. #.#
#####.######## ## #####.###
#............# .#
#.......#####............#
.###.......#....@C..........#
.............###............#
####.......### #............#
#.......# #............#
#.......# #....).......#
#.......# ######.#######
######### #.# #.# #.##


You could see a cyclops.

Vanquished Creatures
  A centaur warrior (D:9)
  An unseen horror (D:9)
  2 hill giants
  A griffon (D:9)
  A troll (D:7)
  2 two-headed ogres (D:10)
  A spriggan (D:11)
  13 yaks
  A wyvern (D:8)
  A wraith (D:10)
  A hungry ghost (D:11)
  Eustachio (D:4)
  2 hippogriffs
  Menkaure (D:4)
  A mottled dragon (D:11)
  A water moccasin (D:9)
  2 black bears
  A slave (D:4)
  An orc warrior (D:8)
  7 sky beasts
  An ice beast (D:8)
  8 ogres
  A phantom (D:6)
  2 necrophages
  4 centaurs
  2 big kobolds
  9 giant frogs
  A gnoll sergeant (D:8)
  5 scorpions
  9 killer bees
  14 wights
  7 howler monkeys
  6 crimson imps
  A wasp zombie (D:9)
  A giant frog zombie (D:10)
  A quasit (D:7)
  5 jellies
  6 orc priests
  11 orc wizards
  A centaur skeleton (D:5)
  9 hounds
  2 giant frog skeletons
  Terence (D:1)
  4 iguanas
  14 worker ants
  A killer bee zombie (D:8)
  2 hound skeletons
  23 gnolls
  6 adders
  4 shadow imps
  An ooze (D:3)
  An adder zombie (D:7)
  3 worms (D:4)
  2 dart slugs (D:1)
  5 giant geckos
  38 orcs
  3 ball pythons
  13 bats
  7 giant cockroaches
  4 goblins
  5 hobgoblins
  7 jackals
  17 kobolds
  2 quokkas
  A ball python skeleton (D:5)
  A giant gecko skeleton (D:7)
  A giant gecko zombie (D:5)
  6 giant newts
  2 quokka skeletons
  3 rats
325 creatures vanquished.

Vanquished Creatures (collateral kills)
  An ugly thing (D:10)
  A hippogriff (D:10)
  A worker ant (D:10)
  3 orcs (D:10)
6 creatures vanquished.

Grand Total: 331 creatures vanquished

Notes
Turn   | Place    | Note
-------+----------+-------------------------------------------
     0 | D:1      | shnurlf the Hill Orc Monk began the quest for the Orb.
     0 | D:1      | Reached XP level 1. HP: 19/19 MP: 1/1
    94 | D:1      | Reached XP level 2. HP: 23/27 MP: 2/2
   529 | D:1      | Reached skill level 5 in Axes
   706 | D:2      | Noticed Terence
   711 | D:1      | Reached XP level 3. HP: 32/33 MP: 3/3
   741 | D:1      | Killed Terence
   931 | D:3      | Reached XP level 4. HP: 40/40 MP: 4/4
  1063 | D:1      | Reached skill level 1 in Armour
  1259 | D:2      | Found a glowing silver altar of Zin.
  1484 | D:2      | Reached skill level 6 in Axes
  1693 | D:3      | Reached XP level 5. HP: 47/47 MP: 5/5
  2249 | D:3      | Noticed Tux's ghost (amateur DsGl)
  2305 | D:4      | Noticed Sigmund
  2332 | D:5      | Entered Level 5 of the Dungeon
  2353 | D:5      | Noticed an ogre
  2458 | D:4      | Found a hide-covered altar of Uskayaw.
  2530 | D:4      | Reached XP level 6. HP: 21/55 MP: 6/6
  2532 | D:4      | Reached skill level 7 in Axes
  2727 | D:4      | Reached skill level 5 in Fighting
  3224 | D:4      | Noticed a slave
  3224 | D:4      | Noticed Pikel
  3224 | D:4      | Noticed a slave
  3237 | D:4      | Noticed a slave
  3840 | D:3      | You fall through a shaft!
  4179 | D:4      | Found a staircase to the Ecumenical Temple.
  4183 | Temple   | Entered the Ecumenical Temple
  4262 | Temple   | Became a worshipper of the Shining One
  4262 | Temple   | Reached * piety under the Shining One
  4262 | Temple   | Reached ** piety under the Shining One
  4322 | D:4      | Noticed Eustachio
  4366 | D:4      | Gained mutation: You have a pair of small antennae on your head. [potion of beneficial mutation]
  4393 | D:4      | Killed Eustachio
  4393 | D:4      | Reached skill level 8 in Axes
  4393 | D:4      | Reached skill level 1 in Invocations
  4393 | D:4      | Reached XP level 7. HP: 50/61 MP: 6/8
  4652 | D:4      | Noticed Menkaure
  4664 | D:4      | Killed Menkaure
  4954 | D:5      | Reached skill level 9 in Axes
  4954 | D:5      | Reached XP level 8. HP: 46/70 MP: 8/10
  5077 | D:5      | Found a basalt altar of Yredelemnul.
  5255 | D:5      | Noticed Tux's ghost (novice DsGl)
  5296 | D:5      | Found a shadowy altar of Dithmenos.
  5313 | D:5      | Found a sacrificial altar of Ru.
  6300 | D:5      | Reached skill level 10 in Axes
  6876 | D:6      | Reached skill level 5 in Invocations
  6894 | D:6      | Found a blossoming altar of Fedhas.
  7099 | D:6      | Reached XP level 9. HP: 64/79 MP: 11/13
  7337 | D:6      | Reached skill level 11 in Axes
  8661 | D:7      | Noticed a troll
  8697 | D:7      | Killed a troll
  9253 | D:7      | Reached skill level 12 in Axes
  9512 | D:7      | Reached *** piety under the Shining One
 10251 | D:8      | Found a snail-covered altar of Cheibriados.
 10268 | D:8      | Found a hazy altar of Hepliaklqana.
 10284 | D:8      | Found a bloodstained altar of Trog.
 10328 | D:8      | Reached XP level 10. HP: 82/90 MP: 15/15
 10539 | D:8      | Reached skill level 13 in Axes
 11397 | D:8      | Found an opulent altar of Gozag.
 11397 | D:8      | Found a stormy altar of Qazlal.
 11397 | D:8      | Found a white marble altar of Elyvilon.
 11595 | D:9      | Noticed a centaur warrior
 11710 | D:9      | Killed a centaur warrior
 11953 | D:9      | Found Ditwo's Jewellery Shop.
 12148 | D:9      | Found Mioj's Magic Scroll Emporium.
 12228 | D:9      | Reached **** piety under the Shining One
 12228 | D:9      | Reached skill level 14 in Axes
 12587 | D:9      | Noticed a griffon
 12601 | D:9      | Killed a griffon
 12841 | D:9      | Got a bloodstained hunting sling
 12844 | D:9      | Identified the +4 hunting sling of Ogon {flame, Int+3} (You took it off an orc on level 9 of the Dungeon)
 13004 | D:9      | Noticed an unseen horror
 13316 | D:9      | Killed an unseen horror
 13316 | D:9      | Reached skill level 10 in Fighting
 13336 | D:9      | Reached XP level 11. HP: 99/99 MP: 18/18
 13443 | D:10     | Entered Level 10 of the Dungeon
 13447 | D:10     | Noticed a purple ugly thing
 13489 | D:9      | Reached skill level 15 in Axes
 13772 | D:9      | Found Gosijaz's General Store.
 14587 | D:9      | Found Moihuturch's Weapon Shoppe.
 14596 | D:9      | Found Sazicuck's Antique Armour Shoppe.
 15079 | D:8      | Reached skill level 10 in Invocations
 15187 | D:8      | Noticed a fire dragon
 16240 | D:9      | Bought a pair of runed gloves for 157 gold pieces
 16276 | D:9      | Bought a scroll of teleportation for 36 gold pieces
 16276 | D:9      | Bought 2 potions of curing for 72 gold pieces
 16276 | D:9      | Bought 2 potions of heal wounds for 120 gold pieces
 16310 | D:9      | Bought a scroll of teleportation for 48 gold pieces
 16310 | D:9      | Bought a scroll of identify for 32 gold pieces
 16310 | D:9      | Bought a scroll of teleportation for 48 gold pieces
 16741 | D:10     | Found a staircase to the Orcish Mines.
 16744 | D:10     | Noticed a hill giant
 16890 | D:10     | Reached ***** piety under the Shining One
 17096 | D:10     | Found a staircase to the Lair.
 17114 | D:10     | Reached skill level 16 in Axes
 17480 | D:10     | Noticed a six-headed hydra
 17964 | D:10     | Killed a purple ugly thing
 18393 | D:11     | Noticed a hill giant
 18425 | D:11     | Killed a hill giant
 18732 | D:10     | Killed a hill giant
 19249 | D:12     | Reached XP level 12. HP: 110/110 MP: 20/20
 19566 | D:11     | Slain by a cyclops

Vault maps used:
D:1:      dpeg_arrival_erosion
D:2:      zin_treasury, item_on_display_a, uniq_terence
D:4:      overflow_temple_1_default, first_bread, uniq_eustachio, uniq_menkaure,
          uniq_pikel, uniq_sigmund
D:5:      nicolae_ru_great_annihilating_truth, nicolae_overflow_crystal_walls,
          nicolae_dithmenos_shadow_blocks
D:6:      nicolae_benzene_ring, fedhas_altar_1
D:7:      hangedman_glass_teeth
D:8:      lemuel_crystal_altar, lemuel_doored_altar, minitemple, basic_altar
D:9:      serial_shops, shop_statue, shop_fountains, shop_statue, shop,
          kennysheep_mini_moat
D:10:     lair_0_dummy, orc_0_dummy
D:11:     moated_statue, the_bakery, uniq_erica
D:12:     minmay_sliced_demisemicircle, serial_shops, shop
Temple:   minmay_temple_forest_path

Skill      XL: |  1  2  3  4  5  6  7  8  9 10 11 |
---------------+----------------------------------+-----
Axes           | 5 6 8 9 10 12 14 16 | 16.9
Fighting       | 4 5 6 7 8 10 11 | 11.4
Armour         | 1 2 4 |  4.0
Invocations    | 1 3 5 7 9 11 | 11.3
Dodging        | |  2.4
Stealth        | |  1.5

Action                   |  1- 3 |  4- 6 |  7- 9 | 10-12 || total
-------------------------+-------+-------+-------+-------++-------
Melee: Hand axe          |   107 |   310 |   368 |       ||   785
       War axe           |       |       |   119 |   316 ||   435
       Battleaxe         |       |       |       |   370 ||   370
Invok: Divine Shield     |       |     1 |     4 |     5 ||    10
       Cleansing Flame   |       |       |       |     3 ||     3
       Summon Divine War |       |       |       |     1 ||     1
Evoke: Wand              |       |       |       |     3 ||     3
  Use: Potion            |       |     7 |     2 |     1 ||    10
       Scroll            |       |       |    15 |     5 ||    20
 Stab: Paralysed         |       |       |     3 |       ||     3
       Invisible         |       |       |     1 |       ||     1
       Sleeping          |       |       |     1 |     2 ||     3
  Eat: Chunk             |       |    12 |    18 |    26 ||    56
       Pizza             |       |       |     1 |       ||     1
       Fruit             |       |       |       |     4 ||     4
       Royal jelly       |       |       |       |     1 ||     1
       Beef jerky        |       |       |       |     1 ||     1
Armor: Chain mail        |    70 |       |       |       ||    70
       Scale mail        |    11 |   124 |       |       ||   135
       Leather armour    |       |       |   112 |   182 ||   294
Dodge: Dodged            |    37 |   168 |   224 |   307 ||   736
Block: Other             |       |    10 |    10 |    13 ||    33
